 Dungeon Crawl Stone Soup version 0.21.1-1-g345015fe64 (webtiles) character file.

1902 tehanu the Basher (level 9, -6/56 HPs)
             Began as a Gargoyle Berserker on Feb 6, 2018.
             Was an Elder of Trog.
             Mangled by an orc warrior
             ... wielding a +0 scimitar
              (10 damage)
             ... on level 7 of the Dungeon on Feb 8, 2018.
             The game lasted 00:33:37 (6539 turns).

tehanu the Basher (Gargoyle Berserker)              Turns: 6539, Time: 00:33:38

Health: -6/56      AC: 23    Str: 23    XL:     9   Next: 15%
Magic:  9/9        EV: 14    Int:  9    God:    Trog [****..]
Gold:   397        SH:  0    Dex: 14    Spells: 8/8 levels left

rFire    + . .     SeeInvis .   A - +1 flail
rCold    . . .     Gourm    .   (no shield)
rNeg     + + .     Faith    .   w - +0 chain mail
rPois    ∞         Spirit   .   u - +1 helmet
rElec    +         Reflect  .   o - +0 cloak
rCorr    .         Harm     .   j - +2 pair of gloves
MR       .....                  (no boots)
Stlth    ..........             (no amulet)
HPRegen  0.18/turn              p - ring of positive energy
MPRegen  0.11/turn              v - ring of protection from fire

@: agile, berserk cooldown
A: negative energy resistance 1, electricity resistance, unbreathing,
petrification resistance, rot immunity, AC +6
a: Berserk, Trog's Hand, Brothers in Arms, Burn Spellbooks, Renounce Religion


You were on level 7 of the Dungeon.
You worshipped Trog.
Trog was greatly pleased with you.
You were very hungry.

You visited 2 branches of the dungeon, and saw 8 of its levels.

You collected 397 gold pieces.

Inventory:

Hand Weapons
 A - a +1 flail (weapon)
Armour
 j - a +2 pair of gloves (worn)
 o - a +0 cloak (worn)
 u - a +1 helmet (worn)
 w - a +0 chain mail (worn)
Jewellery
 p - a ring of positive energy (left hand)
 v - a ring of protection from fire (right hand)
Wands
 s - a wand of polymorph (15)
Scrolls
 d - a scroll of fear
 e - 4 scrolls of remove curse
 f - 3 scrolls of teleportation {unknown}
 g - 2 scrolls of fog {unknown}
 k - 2 scrolls of noise {unknown}
 x - a scroll of magic mapping
 z - 4 scrolls of identify
Potions
 l - a potion of flight
 n - a potion of magic
 q - a potion of resistance
 t - a potion of curing
Books
 y - a book of Necromancy

   Spells                             Type                      Level
   a - Pain                           Necromancy                   1
   b - Animate Skeleton               Necromancy                   1
   c - Vampiric Draining              Necromancy                   3
   d - Regeneration                   Charms/Necromancy            3
   e - Animate Dead                   Necromancy                   4
   f - Borgnjor's Vile Clutch         Necromancy/Earth             5
   Trog disapproves of the use of such an item.
Comestibles
 a - 6 chunks of flesh
 c - 13 rations


   Skills:
 * Level 6.4 Fighting
 * Level 9.8 Maces & Flails
 * Level 5.5 Armour
 - Level 1.5 Dodging


You had 8 spell levels left.
You didn't know any spells.

Dungeon Overview and Level Annotations

Branches:
Dungeon (7/15)             Temple (1/1) D:6

Altars:
Dithmenos
Fedhas
Uskayaw
Vehumet
Xom
The Shining One


Innate Abilities, Weirdness & Mutations

You are resistant to torment.
Your stone body is resilient. (AC +6)
You are immune to poison.
You resist negative energy. (rN+)
You are resistant to electric shocks. (rElec)
You can survive without breathing.
You are immune to petrification.
You are immune to rotting.


Message History

The centaur shoots an arrow.
The arrow completely misses you. The orc warrior barely misses you.
You hit the orc warrior but do no damage.
The orc warrior hits you from afar with a glaive.
* * * LOW HITPOINT WARNING * * *
An orc comes into view.
You closely miss the orc warrior.
The centaur shoots an arrow.
The arrow barely misses you. The orc warrior closely misses you.
The orc warrior misses you.
The orc moves out of view.
The centaur shoots an arrow.
The arrow hits you but does no damage.
You hit the orc warrior.
The orc warrior is lightly wounded.
The orc warrior barely misses you.
The centaur shoots an arrow.
The arrow misses you.
You sock the orc warrior!
The orc warrior is severely wounded.
The orc warrior closely misses you.
The centaur shoots an arrow.
The arrow barely misses you.
The orc warrior hits you with a scimitar!
You die...

*,*,*,****,,,,,,*****,* *,**
*,*,*,* *,,,,,..,,,,,* *,,,
*,*,*,* *,,,,...,,,,,* ****
*,*,*,* **,**#.#**,,,** *
*,*,*,###**,,,.H.,,,,,,* *
*,,,,,,...,,**###*#.#..#
***,***,,.o,* ### #....# *,*
*,**#c#######....**
*,***,**#.'@oooooo..#,**
*,,,,,,*#.###o###..#**,###**
*,,,,,,,#,* #.# #.## *#..,,,
*,,,,,,...###'###..###.#,,**
*,,,,,.....)..o†o.#.#.#*,,#
*,⌠,⌠,.##.....##)....###..#
*,,_,,**#.................#
**⌠,⌠,* ##..........<####,*
**,,,* ##.#.######.# *,*


You could see 2 orc warriors, a centaur, an orc priest and 5 orcs.

Vanquished Creatures
  The ghost of GuyWithAPlan the Chopper, an amateur HOMo (D:4)
  Duvessa (D:4)
  3 sky beasts
  3 ogres
  A centaur (D:5)
  A bullfrog (D:6)
  Dowan (D:4)
  A scorpion (D:6)
  4 killer bees (D:6)
  A howler monkey (D:4)
  3 hounds
  An orc priest (D:6)
  Jessica (D:3)
  Natasha (D:3)
  An iguana (D:6)
  4 orc wizards
  5 worker ants
  A hound zombie (D:6)
  Robin (D:4)
  A howler monkey skeleton (D:5)
  2 adders
  4 gnolls
  An ooze (D:2)
  2 adder zombies
  2 adder skeletons
  4 worms
  3 dart slugs (D:1)
  2 leopard geckos (D:2)
  21 orcs
  3 giant cockroaches
  16 goblins
  3 hobgoblins (D:1)
  8 jackals
  9 kobolds
  3 quokkas (D:6)
  7 bats
  3 frilled lizards
  A giant cockroach zombie (D:6)
  A leopard gecko skeleton (D:4)
  8 rats
139 creatures vanquished.

Vanquished Creatures (others)
  2 plants (D:7)
2 creatures vanquished.

Grand Total: 141 creatures vanquished

Notes
Turn   | Place    | Note
-------+----------+-------------------------------------------
     0 | D:1      | tehanu the Gargoyle Berserker began the quest for the Orb.
     0 | D:1      | Reached XP level 1. HP: 14/14 MP: 1/1
   316 | D:1      | Reached XP level 2. HP: 15/19 MP: 2/2
   926 | D:1      | Reached XP level 3. HP: 22/24 MP: 3/3
  1424 | D:2      | Reached ** piety under Trog
  1705 | D:2      | Reached skill level 4 in Maces & Flails
  1705 | D:2      | Reached XP level 4. HP: 29/29 MP: 4/4
  2190 | D:3      | Found a radiant altar of Vehumet.
  2334 | D:3      | Found a shimmering altar of Xom.
  2485 | D:3      | Noticed a hand axe
  2485 | D:3      | Noticed Jessica
  2487 | D:3      | Found a hide-covered altar of Uskayaw.
  2487 | D:3      | Noticed an enchanted dagger
  2511 | D:3      | Killed Jessica
  2511 | D:3      | Reached XP level 5. HP: 34/34 MP: 5/5
  2616 | D:3      | Noticed Natasha
  2622 | D:3      | Killed Natasha
  2901 | D:3      | Reached skill level 5 in Maces & Flails
  3169 | D:4      | Noticed Robin
  3178 | D:4      | Noticed GuyWithAPlan's ghost (amateur HOMo)
  3194 | D:4      | Killed GuyWithAPlan's ghost
  3194 | D:4      | Reached XP level 6. HP: 39/39 MP: 6/6
  3202 | D:4      | Killed Robin
  3207 | D:4      | Reached skill level 6 in Maces & Flails
  3214 | D:4      | Reached *** piety under Trog
  3661 | D:4      | Found a shadowy altar of Dithmenos.
  3714 | D:4      | Noticed Duvessa
  3715 | D:4      | Reached skill level 5 in Fighting
  3715 | D:4      | Reached XP level 7. HP: 41/44 MP: 7/7
  3716 | D:4      | Noticed Dowan
  3751 | D:4      | Killed Duvessa
  3762 | D:4      | Killed Dowan
  3762 | D:4      | Reached skill level 7 in Maces & Flails
  4073 | D:4      | Found a blossoming altar of Fedhas.
  4163 | D:5      | Entered Level 5 of the Dungeon
  4237 | D:5      | Reached XP level 8. HP: 50/50 MP: 8/8
  4354 | D:5      | Reached skill level 8 in Maces & Flails
  5640 | D:6      | Reached skill level 9 in Maces & Flails
  5872 | D:6      | Found a staircase to the Ecumenical Temple.
  5880 | Temple   | Entered the Ecumenical Temple
  5894 | D:6      | Reached **** piety under Trog
  6099 | D:6      | Reached skill level 5 in Armour
  6169 | D:6      | Reached XP level 9. HP: 42/55 MP: 9/9
  6526 | D:7      | Found a glowing golden altar of the Shining One.
  6539 | D:7      | Mangled by an orc warrior

Skill      XL: |  1  2  3  4  5  6  7  8 |
---------------+-------------------------+-----
Fighting       | 4 5 6 |  6.4
Maces & Flails | 4 5 6 7 9 |  9.8
Armour         | 3 5 |  5.5
Dodging        | |  1.5

Action                   |  1- 3 |  4- 6 |  7- 9 || total
-------------------------+-------+-------+-------++-------
Melee: Mace              |   119 |   186 |   190 ||   495
       Flail             |       |       |   143 ||   143
Invok: Berserk           |       |     1 |     2 ||     3
  Use: Scroll            |       |     5 |     9 ||    14
       Potion            |       |     1 |     2 ||     3
  Eat: Chunk             |     3 |     7 |    10 ||    20
Armor: Animal skin       |    45 |    71 |       ||   116
       Chain mail        |       |    16 |   227 ||   243
Dodge: Dodged            |    85 |   127 |   128 ||   340
